 Seeded DCSS version 0.28-a0-1234-g826d19b2e0 (webtiles) character file.

Game seed: 11023650935340118060 (custom seed)

66 croobank the Insei (level 4, 0/29 HPs)
             Began as an Octopode Transmuter on Dec 24, 2021.
             Killed from afar by a white imp (7 damage)
             ... with a puff of frost
             ... summoned by Natasha
             ... on level 2 of the Dungeon.
             The game lasted 00:04:51 (2083 turns).

croobank the Insei (Octopode Transmuter)            Turns: 2083, Time: 00:04:51

Health: 0/29       AC:  1    Str:  9    XL:     4   Next: 15%
Magic:  5/7        EV: 13    Int: 17    God:
Gold:   37         SH:  0    Dex: 12    Spells: 5/8 levels left

rFire   . . .      SeeInvis .     - Unarmed
rCold   . . .      Faith    .   (no shield)
rNeg    . . .      Spirit   .   (helmet currently unavailable)
rPois   .          Reflect  .   (no amulet)
rElec   .          Harm     .   (no ring)
rCorr   .          Rampage  .   (no ring)
Will    .....                   (no ring)
Stlth   ++........              (no ring)
HPRegen 0.09/turn               (no ring)
MPRegen 0.10/turn               (no ring)
                                (no ring)
                                (no ring)

@: appendages
A: tentacle spike 3, almost no armour, amphibious, 8 rings, camouflage 1,
gelatinous body 1, (nimble swimmer 1), tentacles
a: End Transformation


You were on level 2 of the Dungeon.
One of your tentacles had grown a beastly spike.
You visited 1 branch of the dungeon, and saw 2 of its levels.

You collected 37 gold pieces.

Inventory:

Missiles
 b - 111 stones
 d - 14 sling bullets
Scrolls
 a - 2 scrolls of blinking {blink, unknown}
 c - a scroll of vulnerability {vulnerability, unknown}


   Skills:
 + Level 1.8 Fighting
 + Level 2.5 Dodging
 + Level 3.4 Unarmed Combat
 + Level 2.5 Spellcasting
 + Level 2.5 Transmutations


You had 5 spell levels left.
You knew the following spells:

 Your Spells              Type           Power      Damage    Failure   Level
a - Beastly Appendage     Tmut           20%        N/A       6%          1
b - Wereblood             Tmut           10%        N/A       10%         2

Your spell library contained the following spells:

 Spells                   Type           Power      Damage    Failure   Level
 Spider Form              Tmut/Pois      6%         N/A       32%         3
 Ice Form                 Ice/Tmut       6%         N/A       71%         4


Dungeon Overview and Level Annotations

Branches:
Dungeon (2/15)

Altars:

Annotations:
D:2 Natasha


Innate Abilities, Weirdness & Mutations

One of your tentacles has grown a beastly spike.
You cannot wear most types of armour.
You are amphibious.
You can wear up to eight rings at the same time.
Your skin changes colour to match your surroundings (Stealth+).
Your rubbery body absorbs attacks. (AC +1, EV +1)
((You are camouflaged when in or above water. (Stealth+)))
You have tentacles for arms and can constrict up to eight enemies at once.


Message History

You squeeze the hobgoblin.
The hobgoblin is severely wounded.
The hobgoblin barely misses you.
You barely miss the hobgoblin. Your grab misses the hobgoblin.
The hobgoblin is heavily wounded.
The hobgoblin hits you.
The frilled lizard bites you but does no damage.
You bludgeon the hobgoblin!
You feel a bit better.
You kill the hobgoblin!
Your tentacle spike disappears.
Natasha howls an incantation.
Natasha's front paws start to glow.
Natasha casts a spell.
The frilled lizard closely misses you.
You bludgeon the frilled lizard!
You feel a bit better.
You kill the frilled lizard!
Your primal bloodlust is almost over.
You see here a worm corpse.
The white imp gestures at you. The puff of frost hits you!
* * * LOW HITPOINT WARNING * * *
Natasha casts a spell.
Natasha howls an incantation.
Natasha's front paws start to glow.
The shadow imp shouts, "Slither home, thou fobbing half-faced snake-molt!"
You open the door.
Your primal bloodlust has ended.
Natasha casts a spell at you. You resist with some effort.
There is an open door here.
You close the door.
Natasha opens the door.
Casting: Wereblood (safe; 10% risk of failure)
Confirm with . or Enter, or press ? or * to list all spells.
One of your tentacles grows a vicious spike.
The white imp grinds its teeth.
The white imp disappears for a moment.
The white imp gestures at you. The puff of frost hits you!
You die...

...........#...>..........
...........#..............
...........#.#.#'#########
.......h.....#.#.#
....5.55†..5.#.#.#
......†####......######
....... #.............
.......####......#######
.......+.@5h.....#
.......####...>..# .......
#......# ....... #......#
#......# #......# #......#
......#


You could see Natasha and a white imp (summoned).

Vanquished Creatures
  An adder (D:2)
  A worm (D:2)
  A dart slug (D:1)
  2 ball pythons (D:2)
  5 endoplasms (D:1)
  4 giant cockroaches (D:1)
  A goblin (D:1)
  7 hobgoblins
  9 jackals
  2 quokkas (D:1)
  4 bats (D:1)
  A frilled lizard (D:2)
  2 kobolds (D:1)
  3 rats (D:1)
43 creatures vanquished.

Notes
Turn   | Place    | Note
-------+----------+-------------------------------------------
     0 | D:1      | croobank the Octopode Transmuter began the quest for the
                  | Orb.
     0 | D:1      | Reached XP level 1. HP: 13/13 MP: 3/3
   292 | D:1      | Reached XP level 2. HP: 13/18 MP: 3/5
   922 | D:1      | Learned a level 2 spell: Wereblood
   934 | D:1      | Reached XP level 3. HP: 17/23 MP: 6/6
  2059 | D:2      | Reached XP level 4. HP: 21/29 MP: 3/7
  2066 | D:2      | Noticed Natasha
  2083 | D:2      | Killed from afar by a white imp

Illustrated notes

Levels and vault maps discovered:
D:1:      mainiacjoe_arrival_reflecting_pool, layout_loops_corners,
          minmay_split_cup_large
D:2:      layout_basic, basic_ecumenical_altar, minmay_tetromino_s4,
          uniq_jessica, uniq_natasha

Action                   |  1- 3 |  4- 6 || total
-------------------------+-------+-------++-------
Melee: Unarmed           |    84 |    10 ||    94
       Kick              |    20 |     3 ||    23
       Constrict         |    22 |     3 ||    25
       Tentacles         |    14 |     4 ||    18
       Punch             |     1 |       ||     1
 Cast: Beastly Appendage |    21 |     1 ||    22
       Wereblood         |     3 |       ||     3
 Stab: Sleeping          |     6 |       ||     6
Armor: Skin              |     8 |     2 ||    10
Dodge: Dodged            |    62 |     5 ||    67

Table legend: (Time is in decaauts)
 A = Elapsed time spent in this place.
 B = Non-inter-level travel time spent in this place.
 C = Inter-level travel time spent in this place.
 D = Time resting spent in this place.
 E = Time spent auto-exploring this place.
 F = Levels seen in this place.
 G = Mean time per level.
                   A        B        C        D        E       F      G
               +--------+--------+--------+--------+--------+-----+--------+
         Total |   2077 |   2028 |     49 |    333 |   1361 |   2 | 1038.5 |
       Dungeon |   2077 |   2028 |     49 |    333 |   1361 |   2 | 1038.5 |
               +--------+--------+--------+--------+--------+-----+--------+

Top non-repeatable levels by time:
     D:1: 2003 daAuts
     D:2: 73 daAuts
